 Dungeon Crawl Stone Soup version 0.31-a0-799-g6bc09d010c (webtiles) character file.

Game seed: 12670842819322595950

424208 cforsyth the Slayer (level 24, -4/181 HPs)
             Began as a Djinni Delver on Sept 19, 2023.
             Was the Champion of Hepliaklqana.
             Slain by a white very ugly thing (30 damage)
             ... on level 15 of the Dungeon.
             The game lasted 03:02:20 (75252 turns).

cforsyth the Slayer (Djinni Delver)                Turns: 75252, Time: 03:02:21

Health: -4/181     AC: 17    Str: 14      XL:     24   Next: 93%
Gold:   2961       EV: 22    Int: 31 (32) God:    Hepliaklqana [******] SH: 14 Dex: 16

rFire   + + +        N - staff "Wuole" {rElec rF+ rC+ Will+ Stlth+ Fire}
rCold   . . .        G - +2 kite shield {AC+3}
rNeg    + + .        W - +1 troll leather armour {Snorg}
rPois   ∞            t - +5 helmet of the Trilobite {Int+3}
rElec   +            s - +1 cloak {Will+}
rCorr   +            e - +1 pair of gloves {Str+3}
SInv    .            (boots unavailable)
Will    +++++        j - amulet of Futech {Regen+ Int+4}
Stlth   +++          Q - ring "Fuan" {rF+ rN+ Will+ Int+2}
HPRegen 2.10/turn    n - ring of the Magpie {Fly rElec rN+ rCorr MP-9}
MPRegen 0.00/turn

%: infuse magic (-5 HP)
@: flying, studying Necromancy
A: reduced essence, sickness immunity, fire resistance 2, cold vulnerability 1,
float, innate caster, HP casting, extra vitality 1
}: 2/15 runes: decaying, gossamer
a: Renounce Religion, Recall Ancestor, Ancestor Identity, Transference, Idealise


You were on level 15 of the Dungeon.
You worshipped Hepliaklqana.
Hepliaklqana was exalted by your worship.
You visited 10 branches of the dungeon, and saw 42 of its levels.
You also visited: Volcano and Desolation.

You collected 5794 gold pieces.
You spent 2833 gold pieces at shops.

Inventory:

Hand Weapons
 a - the +8 mace "Viggaif" {freeze, rCorr Str+3}
   (You found it on level 5 of the Dungeon)

   Str+3:     It affects your strength (+3).
   rCorr:     It protects you from acid and corrosion.
 k - the +0 falchion "Yssecw" {antimagic, rC+}
   (You bought it in a shop on level 2 of the Orcish Mines)

   rC+:       It protects you from cold.
 m - a +2 short sword of holy wrath
Armour
 e - a +1 pair of gloves of strength (worn)
 s - a +1 cloak of willpower (worn)
 t - the +5 helmet of the Trilobite (worn) {Int+3}
   (You bought it in a shop on level 3 of the Dungeon)

   Int+3:     It affects your intelligence (+3).
 G - a +2 kite shield of protection (worn)
 H - the +1 leather armour "Pangu" {rN+ Will+ Str-4 Int+3}
   (You bought it in a shop on level 3 of the Dungeon)

   Str-4:     It affects your strength (-4).
   Int+3:     It affects your intelligence (+3).
   rN+:       It protects you from negative energy.
   Will+:     It increases your willpower.
 W - a +1 troll leather armour (worn) {Snorg}
 Z - a +2 cloak of fire resistance
Magical Staves
 N - the staff "Wuole" (weapon) {rElec rF+ rC+ Will+ Stlth+ Fire}
   (You found it in the Desolation of Salt)

   [staff of fire]

   Base accuracy: +5 Base damage: 5 Base attack delay: 1.2 This weapon's minimum
   attack delay (0.6) is reached at skill level 12.
   rF+:       It protects you from fire.
   rC+:       It protects you from cold.
   rElec:     It insulates you from electricity.
   Will+:     It increases your willpower.
   Stlth+:    It makes you more stealthy.
   Fire:      It increases the power of your Fire spells.
   It falls into the 'Staves' category.
   It is a one-handed weapon.
Jewellery
 f - the ring "Vuzasacw" {EV+5 Int+5 SInv}
   (You found it in the Desolation of Salt)

   [ring of evasion]

   EV+5:      It affects your evasion (+5).
   Int+5:     It affects your intelligence (+5).
   SInv:      It lets you see invisible.
 h - the amulet of Ruyh {Reflect Contam rElec Dex+5 SH+5}
   (You took it off an imperial myrmidon in the Desolation of Salt)

   [amulet of reflection]

   Reflect:   It reflects blocked missile attacks.
   Dex+5:     It affects your dexterity (+5).
   rElec:     It insulates you from electricity.
   Contam:    It causes magical contamination when unequipped.
   SH+5:      It affects your SH (+5).
 j - the amulet of Futech (around neck) {Regen+ Int+4}
   (You acquired it on level 2 of the Vaults)

   [amulet of regeneration]

   Int+4:     It affects your intelligence (+4).
   Regen+:    It increases your rate of health regeneration.
 n - the ring of the Magpie (right hand) {Fly rElec rN+ rCorr MP-9}
   (You found it on level 3 of the Crypt)

   [ring of positive energy]

   rElec:     It insulates you from electricity.
   rN+:       It protects you from negative energy.
   MP-9:      It affects your magic capacity (-9).
   Fly:       It grants you flight.
   rCorr:     It protects you from acid and corrosion.
 v - a ring of protection from cold
 Q - the ring "Fuan" (left hand) {rF+ rN+ Will+ Int+2}
   (You took it off a skeletal warrior on level 3 of the Crypt)

   [ring of positive energy]

   Int+2:     It affects your intelligence (+2).
   rF+:       It protects you from fire.
   rN+:       It protects you from negative energy.
   Will+:     It increases your willpower.
 R - the ring "Huqaow" {Wiz Fly Dex+2}
   (You found it on level 3 of the Crypt)

   [ring of wizardry]

   Wiz:       It improves your spell success rate.
   Dex+2:     It affects your dexterity (+2).
   Fly:       It grants you flight.
Wands
 g - a wand of digging (18)
 o - a wand of quicksilver (12)
 u - a wand of flame (68)
 y - a wand of mindburst (15)
 F - a wand of iceblast (65)
 S - a wand of paralysis (36)
Scrolls
 c - 6 scrolls of fog
 d - 3 scrolls of revelation
 q - 8 scrolls of enchant weapon
 w - 11 scrolls of teleportation
 x - 6 scrolls of vulnerability
 E - 4 scrolls of fear
 J - 5 scrolls of poison
 K - 2 scrolls of enchant armour
 L - 5 scrolls of blinking
 O - a scroll of summoning
 P - 4 scrolls of silence
 T - 7 scrolls of immolation
 U - 4 scrolls of torment
 X - 2 scrolls of brand weapon
Potions
 b - 5 potions of berserk rage
 i - 11 potions of haste
 l - 9 potions of curing
 p - 5 potions of lignification
 r - 12 potions of ambrosia
 z - 3 potions of attraction
 A - 4 potions of heal wounds
 B - 5 potions of might
 C - 11 potions of mutation
 D - 4 potions of enlightenment
 I - a potion of invisibility
 M - 5 potions of cancellation
 V - 5 potions of brilliance
 Y - 5 potions of resistance


   Skills:
 + Level 25.3 Fighting
 - Level 1.7 Long Blades
 + Level 21.5 Dodging
 - Level 4.1 Stealth
 - Level 10.0 Shields
 + Level 19.3 Spellcasting
 + Level 19.3 Conjurations
 + Level 19.3 Hexes
 + Level 19.3 Summonings
 + Level 20.2 Necromancy
 + Level 19.3 Translocations
 + Level 19.3 Transmutations
 + Level 19.3 Fire Magic
 + Level 19.3 Ice Magic
 + Level 19.3 Air Magic
 + Level 19.3 Earth Magic
 + Level 19.3 Poison Magic


You knew the following spells:

 Your Spells              Type           Power      Damage    Failure   Level
a - Summon Small Mammal   Summ           100%       N/A       0%          1
b - Lesser Beckoning      Tloc           100%       N/A       0%          2
c - Hailstorm             Conj/Ice       100%       3d20      0%          3
d - Dimensional Bullseye  Hex/Tloc       50%        N/A       0%          4
e - Summon Lightning Spi  Summ/Air       100%       N/A       0%          4
f - Freezing Cloud        Conj/Ice/Air   50%        6-21      1%          5
g - Dispersal             Tloc           50%        N/A       1%          6
h - Monstrous Menagerie   Summ           50%        N/A       1%          7
i - Malign Gateway        Summ/Tloc      50%        N/A       1%          7
j - Summon Horrible Thin  Summ           50%        N/A       9%          8
k - Discord               Hex            50%        N/A       9%          8
Your spell library was empty.

Dungeon Overview and Level Annotations

Branches:
Dungeon (15/15)            Temple (1/1) D:4            Lair (5/5) D:10
  Swamp (4/4) Lair:2       Spider (4/4) Lair:3        Slime (0/5) Lair:4
    Orc (2/2) D:10            Elf (3/3) Orc:2        Vaults (4/5) D:14
  Crypt (3/3) Vaults:2       Tomb (0/3) Crypt:3      Depths (1/4) D:15
Volcano (visited)         Desolation (visited)

Altars:
Ashenzari
Cheibriados
Dithmenos
Elyvilon
Fedhas
Gozag
Hepliaklqana
Makhleb
Nemelex Xobeh
Okawaru
Qazlal
Ru
Trog
Uskayaw
Wu Jian
Xom
Yredelemnul
Zin
The Shining One
Jiyva

Shops:
D:3 [[   D:8 [   D:13 *   D:14 [(   D:15 *   Orc:2 :(??   Elf:2 [   Vaults:1 !
Vaults:2 ?:   Vaults:3 *   Vaults:4 ?

Annotations:
Lair:2 1 runed translucent door, demibob's ghost, journeyman MfCK


Innate Abilities, Weirdness & Mutations

Your life essence is reduced to manifest your ancestor. (-10% HP)
You are immune to sickness and miasma.
You are immune to poison.
Your flesh is very heat resistant. (rF++)
You are vulnerable to cold. (rC-)
You float through the air rather than walking.
You learn spells naturally, not from books.
Your magical power is your life essence.
You have superior vitality. (+4 MHP)


Message History

The lich touches your large abomination.
The spriggan air mage hits Wystan but does no damage.
Your large abomination hits the lich.
You hear a horrible gurgling sound!
The spark wasp stings Wystan.
The spark wasp shocks Wystan!
Wystan is destroyed!
Your manticore barely misses the lich.
Your manticore claws the lich but does no damage.
Your manticore claws the lich!
You block the green very ugly thing's attack.
Your large abomination hits the green very ugly thing!!
Your eldritch tentacle slaps the green very ugly thing!
The green very ugly thing basks in the mutagenic energy and changes!
Your eldritch tentacle claws the white very ugly thing.
The white very ugly thing seems to grow stronger.
Your large abomination hits the green very ugly thing!!
The green very ugly thing dies!
Your large abomination completely misses the lich.
The lich mumbles some strange words.
The lich seems to speed up.
You fly upwards.
Welcome back to the Dungeon!
Your summoned allies are left behind.
There is a staircase to the Depths here.
Wystan is still trapped in memory!
You closely miss the white very ugly thing.
The white very ugly thing is heavily wounded.
The white very ugly thing headbutts you but does no damage.
You hit the white very ugly thing. You burn the white very ugly thing!
The white very ugly thing is severely wounded.
The white very ugly thing completely misses you.
You hit the white very ugly thing but do no damage.
You burn the white very ugly thing!!
The white very ugly thing is almost dead.
The white very ugly thing headbutts you!!
The white very ugly thing freezes you!!!
* * * LOW HITPOINT WARNING * * *
The white very ugly thing headbutts you!!
* * * LOW HITPOINT WARNING * * *
The white very ugly thing freezes you!!
You die...

#...........# ##.........
###########.####.....).###
########.###.###.........).#
#.............##.....#####.###
#.............##.#########..##
# #.####.#.#.....###
###........ ##
#.#########...## #.....(....
.###.....# ##.[## #..........
.........# #.u@.# #..........
...####..# ##.[.# ##.........
...[####### ##...## ##........
....[###8.###.....# #........
.................## ##.......
(......[.(.......# ##.....#
......#####.###.## #####..
......####### ### #..
...........# #..


You could see a white very ugly thing (strong).

Vanquished Creatures
  Margery (Vaults:3)
  Jorgrun (Orc:2)
  2 deep elf blademasters (Elf:3)
  2 deep elf master archers (Elf:3)
  2 fire giants
  A fenstrider witch (Swamp:2)
  3 emperor scorpions
  6 vault wardens
  2 ghost moths
  5 deep elf elementalists
  A ghoul (Crypt:3)
  13 ironbound preservers
  A war gargoyle (Vaults:3)
  An orc warlord (Vaults:3)
  4 ironbound thunderhulks
  4 broodmothers
  4 deep elf demonologists (Elf:3)
  Nessos (Orc:2)
  Azrael (Orc:2)
  2 deep elf annihilators (Elf:3)
  An eleionoma (Swamp:1)
  3 bunyips
  5 dire elephants
  Snorg (Orc:1)
  A spark wasp (Spider:4)
  2 deep elf death magi
  A fire dragon (Lair:5)
  A ragged hierophant (Desolation)
  3 entropy weavers
  4 great orbs of eyes
  6 yaktaur captains
  Josephine (Orc:2)
  12 hydras
  4 vault guards
  Erolcha (D:12)
  4 nameless horrors
  5 alligators
  A peacekeeper (Vaults:4)
  2 boulder beetles
  3 ironbound frosthearts
  2 radroaches (Spider:4)
  3 centaur warriors
  2 ogre magi
  6 two-headed ogres
  A sphinx skeleton (Crypt:3)
  3 tengu warriors
  6 demonic crawlers
  A vampire mage (Crypt:1)
  4 hell knights (Vaults:3)
  14 death yaks
  An orc high priest (Elf:3)
  A shock serpent (D:13)
  A large abomination (Elf:1)
  Nergalle (Orc:2)
  3 deep elf knights
  5 skeletal warriors
  Amaemon (D:9)
  A skyshark (Lair:5)
  A shadow wraith (Crypt:2)
  A storm dragon skeleton (Crypt:3)
  3 pharaoh ants
  A goliath frog (Swamp:1)
  7 orb spiders
  A flayed ghost (Crypt:3)
  35 deep trolls
  5 bog bodies
  3 lindwurms
  2 swamp dragons
  5 steelbarb worms
  3 wizards
  3 orc knights
  Pikel (D:7)
  11 deep elf zephyrmancers
  4 necromancers
  11 ironbound convokers
  2 deep elf archers
  A phantasmal warrior (Vaults:4)
  20 deep elf pyromancers
  5 ugly things
  8 orc sorcerers
  3 harpies (Vaults:1)
  11 wolf spiders
  2 oklob plants (Lair:4)
  A moth of wrath (Spider:2)
  3 cyclopes
  A guardian serpent (Lair:5)
  3 will-o-the-wisps
  3 black mambas (Lair:5)
  Maurice (Orc:1)
  4 elephants
  5 gargoyles
  4 torpor snails (Lair:5)
  15 cane toads
  8 vault sentinels
  An unseen horror (shapeshifter) (D:13)
  A yaktaur zombie (Vaults:2)
  2 kobold demonologists (D:11)
  An efreet (D:14)
  The ghost of puppykicker the Insei, a novice OpSh (D:4)
  12 komodo dragons
  A rime drake (Lair:2)
  2 freezing wraiths (D:14)
  4 tengu conjurers
  18 yaktaurs
  3 guardian mummies (Crypt:3)
  3 meliai
  A meliai (shapeshifter) (Elf:1)
  4 trolls
  2 polar bears
  A harpy skeleton (Volcano)
  13 hornets
  8 tyrant leeches
  12 tarantellas
  4 dream sheep (Lair:1)
  18 blink frogs
  13 slime creatures
  9 spriggans
  11 jumping spiders
  3 shadows
  5 flying skulls
  30 yaks
  Sigmund (D:4)
  3 wraiths
  8 culicivoras
  A vampire (D:12)
  9 wyverns
  5 fire elementals (Orc:2)
  3 water elementals
  5 basilisks
  Edmund (D:4)
  A steam dragon (D:6)
  5 vampire mosquitoes
  25 redbacks
  15 swamp worms
  4 wargs
  15 water moccasins
  Duvessa (D:6)
  4 swamp drakes
  3 hell hounds (Orc:2)
  7 orc warriors
  A sky beast (D:6)
  8 black bears
  3 boggarts (Vaults:3)
  11 wolves
  9 ogres
  12 centaurs
  A blink frog skeleton (Crypt:1)
  2 elf zombies (Elf:1)
  2 kobold brigands
  6 bullfrogs
  A wyvern zombie (D:5)
  A gnoll sergeant (D:11)
  3 scorpions
  A wyvern skeleton (Crypt:1)
  12 killer bees
  Dowan (D:6)
  4 electric eels
  5 howler monkeys
  The ghost of knightboat the Magician, a weakling DEHs of Dithmenos (D:3)
  2 spriggan skeletons (Volcano)
  A centaur zombie (D:5)
  5 jellies
  9 hounds
  2 gnoll boudas
  13 orc priests
  3 sleepcaps
  3 bullfrog zombies (D:5)
  A centaur skeleton (D:5)
  3 iguanas
  29 orc wizards
  6 hell rats (Lair:5)
  A scorpion zombie (D:5)
  2 killer bee zombies
  A howler monkey zombie (D:5)
  Robin (D:3)
  17 gnolls
  5 adders
  A white imp (D:4)
  An ufetubus (D:6)
  4 worms
  56 orcs
  3 endoplasms
  3 giant cockroaches
  16 goblins
  8 hobgoblins
  5 quokkas
  4 ball pythons
  3 bats
  2 frilled lizards
  21 kobolds
  A kobold skeleton (Crypt:3)
  8 rats
  A spectral orc (D:9)
995 creatures vanquished.

Vanquished Creatures (collateral kills)
  Xtahua (Vaults:4)
  Jory (Crypt:3)
  The ghost of Zissick the Minotaur Blade, an adept MiBr of Okawaru (Vaults:4)
  3 tentacled monstrosities (Elf:2)
  A shard shrike zombie (Crypt:3)
  3 ancient champions
  2 sphinxes
  3 eldritch tentacles
  A thorn hunter (Swamp:2)
  An azure jelly (Swamp:4)
  Donald (Vaults:1)
  5 deep elf sorcerers (Elf:3)
  3 imperial myrmidons (Desolation)
  3 vault wardens
  A frost giant (Depths:1)
  9 ghouls
  A reaper (Crypt:3)
  2 cacodemons (Elf:2)
  A caustic shrike zombie (Crypt:3)
  2 curse skulls
  2 ironbound preservers
  17 vampire knights
  8 very ugly things
  3 broodmothers (Spider:4)
  2 stone giants
  A deep elf demonologist (Elf:3)
  2 ironbound thunderhulks
  A rockslime zombie (Crypt:2)
  2 dire elephants
  3 eleionomae
  2 halazid warlocks (Desolation)
  8 bunyips
  9 eidola
  2 crystal guardians
  6 deep elf death magi
  2 ragged hierophants (Desolation)
  A yaktaur captain (Vaults:1)
  A great orb of eyes (Vaults:4)
  An entropy weaver (Vaults:3)
  The ghost of Loveship the Devastator, a journeyman GrEE of Vehumet (Lair:5)
  15 jiangshi
  8 peacekeepers
  2 vault guards (D:14)
  2 spriggan zombies (Crypt:3)
  2 ice dragons (Swamp:4)
  2 ogre magi
  5 servants of whispers (Desolation)
  A fenstrider witch skeleton (Crypt:1)
  A ghost crab (Swamp:1)
  7 ironbound frosthearts
  5 centaur warriors
  27 dancing weapons
  A radroach (Spider:1)
  A death knight (Crypt:1)
  4 boulder beetles
  2 death yaks
  A tengu warrior (D:15)
  A deep troll earth mage (D:15)
  2 titan zombies (Crypt:3)
  7 two-headed ogres
  18 vampire magi
  3 demonic crawlers (Spider:1)
  3 spriggan berserkers (D:15)
  2 hell knights (Depths:1)
  A soul eater (Crypt:2)
  13 deep elf knights
  A pharaoh ant (Spider:4)
  2 shadow wraiths (Crypt:3)
  A glowing orange brain (Elf:2)
  45 skeletal warriors
  An orb spider (Spider:2)
  3 goliath frogs
  14 deep trolls
  3 swamp dragons (Swamp:4)
  A sea snake (shapeshifter) (Elf:2)
  4 flayed ghosts
  2 spriggan druids
  3 ironbound convokers
  A wizard (Vaults:3)
  7 bog bodies
  An anaconda skeleton (Crypt:3)
  3 lindwurms
  22 phantasmal warriors
  A wolf spider zombie (Crypt:2)
  4 steelbarb worms
  4 deep elf archers
  2 necromancers
  3 orc knights
  9 deep elf zephyrmancers
  13 deep elf pyromancers
  9 wolf spiders
  A fire giant zombie (Vaults:2)
  3 orc sorcerers
  5 ugly things
  A human zombie (Vaults:2)
  An alligator skeleton (Volcano)
  4 cyclopes
  3 elephants
  A centaur zombie (Crypt:3)
  A dire elephant zombie (Crypt:3)
  4 torpor snails
  2 black mambas (Lair:5)
  3 vault sentinels
  5 cane toads
  An orange demon (D:9)
  2 elf zombies
  2 alligator snapping turtle zombies
  4 nameless horrors
  7 yaktaurs
  A pale draconian zombie (Crypt:3)
  A sea snake zombie (Crypt:1)
  2 ice devils (Orc:2)
  A tengu conjurer (D:13)
  7 freezing wraiths
  A komodo dragon (Lair:5)
  A minotaur skeleton (Crypt:1)
  A troll (Orc:1)
  A guardian mummy (Crypt:3)
  3 tyrant leeches
  4 blink frogs
  A bloated husk (Swamp:4)
  4 meliai
  5 tarantellas
  8 hornets
  A raiju (shapeshifter) (Elf:2)
  A tengu simulacrum (Vaults:3)
  A blink frog (shapeshifter) (Elf:3)
  32 saltlings (Desolation)
  9 jumping spiders
  An ettin zombie (Crypt:2)
  A dream sheep (Lair:1)
  A dream sheep (shapeshifter) (Elf:2)
  13 slime creatures
  A jumping spider (shapeshifter) (Elf:2)
  2 ettin skeletons (Vaults:3)
  A water elemental (Elf:2)
  4 culicivoras
  2 spriggans
  A spriggan (shapeshifter) (Elf:2)
  10 wraiths
  6 flying skulls (Crypt:2)
  7 wyverns
  A human (D:14)
  10 yaks
  2 yaks (shapeshifter) (Elf:2)
  A fire elemental (Elf:3)
  A wind drake skeleton (Crypt:1)
  23 redbacks
  4 vampire mosquitoes
  3 swamp worm simulacra (Swamp:4)
  4 swamp worms
  A warg (Orc:1)
  A floating eye (shapeshifter) (Elf:2)
  A deep troll skeleton (Crypt:2)
  6 water moccasins
  16 hydra simulacra (Swamp:4)
  A cane toad zombie (Crypt:1)
  3 swamp drakes
  4 orc warriors
  A meliai simulacrum (D:15)
  6 ogres
  A black bear (Lair:3)
  An elephant zombie (Crypt:2)
  3 wolves
  2 centaurs
  A lindwurm skeleton (Crypt:1)
  2 boggarts (Vaults:3)
  A snapping turtle skeleton (Crypt:2)
  A phantom (D:6)
  Blork the orc (D:4)
  6 bullfrogs
  A rime drake skeleton (Crypt:3)
  A gnoll sergeant (D:11)
  3 necrophages
  An earth elemental (Elf:2)
  A killer bee (D:7)
  A queen bee zombie (Crypt:3)
  A spriggan skeleton (Volcano)
  3 electric eels (D:10)
  A howler monkey (D:8)
  An orc priest (Orc:2)
  A gnoll bouda (D:7)
  A human skeleton (Crypt:3)
  2 sleepcaps
  A bullfrog skeleton (Crypt:2)
  3 orc wizards (Orc:2)
  An ogre skeleton (Crypt:3)
  A hound zombie (Crypt:1)
  A gnoll (D:11)
  An adder (D:6)
  A steam dragon skeleton (Crypt:3)
  5 swamp drake simulacra (Swamp:4)
  5 orcs
  A goblin (D:4)
  A hobgoblin (D:4)
  A quokka (shapeshifter) (Elf:2)
  A ball python (D:4)
  A frilled lizard (D:2)
  2 kobolds (D:3)
  A kobold skeleton (Crypt:3)
  A rat (D:2)
753 creatures vanquished.

Vanquished Creatures (others)
  37 eldritch tentacles
  A deep elf sorcerer (Elf:3)
  The ghost of Puq Cuid the Slicer, an adept KoAK of Lugonu (Elf:2)
  A deep elf elementalist (Elf:3)
  A deep elf death mage (Crypt:1)
  A yaktaur captain (Vaults:4)
  An ogre mage (D:15)
  2 deep elf knights
  A deep elf archer (Elf:3)
  A vault sentinel (Vaults:3)
  4 yaktaurs
  A bloated husk (Swamp:3)
  42 knights
  An orc wizard (Orc:2)
  7 foxfires
102 creatures vanquished.

Grand Total: 1850 creatures vanquished

Notes
Turn   | Place    | Note
-------+----------+-------------------------------------------
     0 | D:5      | cforsyth the Djinni Delver began the quest for the Orb.
     0 | D:5      | Reached XP level 1. HP: 20/20 MP: 0/0
     7 | D:5      | Identified the +8 mace "Viggaif" {freeze, rCorr Str+3}
    11 | D:5      | Noticed a hound
    18 | D:5      | Killed a hound
    19 | D:5      | Reached skill level 1 in Spellcasting
    19 | D:5      | Reached skill level 1 in Conjurations
    19 | D:5      | Reached skill level 1 in Hexes
    19 | D:5      | Reached skill level 1 in Summonings
    19 | D:5      | Reached skill level 1 in Necromancy
    19 | D:5      | Reached skill level 1 in Translocations
    19 | D:5      | Reached skill level 1 in Transmutations
    19 | D:5      | Reached skill level 1 in Fire Magic
    19 | D:5      | Reached skill level 1 in Ice Magic
    19 | D:5      | Reached skill level 1 in Air Magic
    19 | D:5      | Reached skill level 1 in Earth Magic
    19 | D:5      | Reached skill level 1 in Poison Magic
    19 | D:5      | Reached XP level 2. HP: 19/25 MP: 0/0
    19 | D:5      | Reached XP level 3. HP: 23/30 MP: 0/0
    19 | D:5      | Learned a level 1 spell: Summon Small Mammal
    27 | D:5      | Reached XP level 4. HP: 19/37 MP: 0/0
    39 | D:5      | HP: 1/37 [centaur zombie (1)]
    42 | D:5      | Reached skill level 4 in Fighting
    48 | D:5      | Reached XP level 5. HP: 4/42 MP: 0/0
    48 | D:5      | Learned a level 2 spell: Lesser Beckoning
   413 | D:5      | Found a glowing golden altar of the Shining One.
   427 | D:5      | Reached XP level 6. HP: 49/49 MP: 0/0
   456 | D:5      | Found a blossoming altar of Fedhas.
   553 | D:5      | Noticed an ogre
   599 | D:5      | Killed an ogre
   600 | D:5      | Reached skill level 5 in Fighting
   894 | D:5      | Reached XP level 7. HP: 27/54 MP: 0/0
   894 | D:5      | Learned a level 3 spell: Hailstorm
  1913 | D:4      | Noticed Blork the orc
  1925 | D:4      | HP: 2/55 [Blork the orc/puff of frost (10)]
  2647 | D:4      | HP: 1/55 [black bear (2)]
  2840 | D:4      | Reached skill level 6 in Fighting
  2983 | D:4      | Noticed Sigmund
  3014 | D:4      | Killed Sigmund
  3015 | D:4      | Reached XP level 8. HP: 35/62 MP: 0/0
  3248 | D:4      | Noticed Edmund
  3279 | D:3      | Found a runed translucent gate.
  3279 | D:3      | Found a runed translucent gate.
  3281 | D:3      | Noticed knightboat's ghost (weakling DEHs)
  3288 | D:3      | Found a runed translucent gate.
  3309 | D:3      | Found Tavadu's Antique Armour Boutique.
  3341 | D:3      | Noticed Robin
  3348 | D:3      | Killed Robin
  3366 | D:2      | Reached skill level 7 in Fighting
  3491 | D:4      | Found a staircase to the Ecumenical Temple.
  3959 | Temple   | Entered the Ecumenical Temple
  3977 | Temple   | Became a worshipper of Hepliaklqana the Forgotten
  4116 | D:3      | Found Cannieliga's Antique Armour Shoppe.
  4627 | D:1      | Found a faded altar of an unknown god.
  4965 | D:2      | Found a white marble altar of Elyvilon.
  5032 | D:2      | Reached * piety under Hepliaklqana
  5577 | D:3      | Bought a warped helmet for 247 gold pieces
  5577 | D:3      | Identified the +5 helmet of the Trilobite {Int+3} (You
                  | bought it in a shop on level 3 of the Dungeon)
  5798 | D:4      | Reached skill level 5 in Spellcasting
  5798 | D:4      | Reached skill level 5 in Conjurations
  5798 | D:4      | Reached skill level 5 in Hexes
  5798 | D:4      | Reached skill level 5 in Summonings
  5798 | D:4      | Reached skill level 5 in Necromancy
  5798 | D:4      | Reached skill level 5 in Translocations
  5798 | D:4      | Reached skill level 5 in Transmutations
  5798 | D:4      | Reached skill level 5 in Fire Magic
  5798 | D:4      | Reached skill level 5 in Ice Magic
  5798 | D:4      | Reached skill level 5 in Air Magic
  5798 | D:4      | Reached skill level 5 in Earth Magic
  5798 | D:4      | Reached skill level 5 in Poison Magic
  5816 | D:4      | Killed Edmund
  6091 | D:4      | Noticed puppykicker's ghost (novice OpSh)
  6092 | D:4      | Found a transporter.
  6108 | D:4      | Reached skill level 8 in Fighting
  6108 | D:4      | Reached XP level 9. HP: 56/63 MP: 0/0
  6108 | D:4      | Learned a level 4 spell: Dimensional Bullseye
  6122 | D:4      | Found a transporter.
  6127 | D:4      | Killed Blork the orc
  6464 | D:6      | Reached ** piety under Hepliaklqana
  6465 | D:6      | Remembered your ancestor Wystan as a knight
  6899 | D:6      | Reached skill level 9 in Fighting
  7137 | D:6      | Noticed Duvessa
  7137 | D:6      | Noticed Dowan
  7141 | D:6      | Killed Duvessa
  7143 | D:6      | Killed Dowan
  7262 | D:7      | Noticed Pikel
  7268 | D:7      | Killed Pikel
  7269 | D:7      | Reached XP level 10. HP: 60/72 MP: 0/0
  7288 | D:7      | Reached skill level 10 in Fighting
  7348 | D:7      | Found an ornate altar of the Wu Jian Council.
  7396 | D:7      | Found an opulent altar of Gozag.
  8127 | D:7      | Found a glowing silver altar of Zin.
  8583 | D:8      | Found a stormy altar of Qazlal.
  8642 | D:8      | Found a sparkling altar of Nemelex Xobeh.
  8650 | D:8      | Found an iron altar of Okawaru.
  8675 | D:8      | Found a shimmering altar of Xom.
  8676 | D:8      | Found a shimmering altar of Xom.
  8678 | D:8      | Found a shimmering altar of Xom.
  8678 | D:8      | Found a shimmering altar of Xom.
  8678 | D:8      | Found a shimmering altar of Xom.
  8678 | D:8      | Found a shimmering altar of Xom.
  8678 | D:8      | Found a shimmering altar of Xom.
  8697 | D:8      | Reached *** piety under Hepliaklqana
  8727 | D:8      | Found a bloodstained altar of Trog.
  8777 | D:8      | Reached skill level 11 in Fighting
  8959 | D:8      | Found Velifai's Antique Armour Boutique.
  8966 | D:8      | Bought a glowing buckler for 157 gold pieces
  9092 | D:8      | a jumping spider changed into a lindwurm
  9092 | D:8      | Noticed a lindwurm (shapeshifter)
  9251 | D:3      | Bought an emerald-studded leather armour for 154 gold
                  | pieces
  9251 | D:3      | Identified the +1 leather armour "Pangu" {rN+ Will+ Str-4
                  | Int+3} (You bought it in a shop on level 3 of the Dungeon)
  9277 | D:3      | Killed knightboat's ghost
  9393 | D:4      | Killed puppykicker's ghost
  9394 | D:4      | Reached skill level 1 in Shields
  9769 | D:9      | Reached XP level 11. HP: 72/78 MP: 0/0
  9769 | D:9      | Learned a level 4 spell: Summon Lightning Spire
  9846 | D:9      | Noticed Amaemon
  9870 | D:9      | Killed Amaemon
  9875 | D:9      | Reached skill level 12 in Fighting
 10238 | D:9      | Found a basalt altar of Yredelemnul.
 10480 | D:10     | Entered Level 10 of the Dungeon
 10481 | D:10     | Found a staircase to the Orcish Mines.
 10483 | D:10     | Found a staircase to the Lair.
 11154 | D:10     | Reached skill level 5 in Shields
 12517 | D:11     | Reached XP level 12. HP: 73/86 MP: 0/0
 12563 | D:11     | Noticed a two-headed ogre
 12610 | D:11     | Killed a two-headed ogre
 12611 | D:11     | Reached skill level 13 in Fighting
 12716 | D:11     | Noticed a boulder beetle
 12734 | D:11     | Killed a boulder beetle
 12789 | D:11     | Identified the +2 longbow of the Orb {heavy, rPois Str+3}
 13113 | D:12     | Noticed Erolcha
 13119 | D:12     | Killed Erolcha
 13473 | D:12     | Reached **** piety under Hepliaklqana
 13624 | D:12     | Reached skill level 10 in Spellcasting
 13624 | D:12     | Reached skill level 10 in Conjurations
 13624 | D:12     | Reached skill level 10 in Hexes
 13624 | D:12     | Reached skill level 10 in Summonings
 13624 | D:12     | Reached skill level 10 in Necromancy
 13624 | D:12     | Reached skill level 10 in Translocations
 13624 | D:12     | Reached skill level 10 in Transmutations
 13624 | D:12     | Reached skill level 10 in Fire Magic
 13624 | D:12     | Reached skill level 10 in Ice Magic
 13624 | D:12     | Reached skill level 10 in Air Magic
 13624 | D:12     | Reached skill level 10 in Earth Magic
 13624 | D:12     | Reached skill level 10 in Poison Magic
 14031 | D:12     | Noticed a skeletal warrior
 14040 | D:12     | Noticed a skeletal warrior
 14118 | D:12     | Killed a skeletal warrior
 14229 | D:12     | Reached skill level 14 in Fighting
 14662 | Lair:1   | Entered Level 1 of the Lair of Beasts
 14945 | Lair:1   | Reached XP level 13. HP: 88/95 MP: 0/0
 14945 | Lair:1   | Learned a level 5 spell: Freezing Cloud
 16048 | Lair:2   | Reached skill level 15 in Fighting
 16173 | Lair:2   | Found a staircase to the Swamp.
 16173 | Lair:2   | Found a runed translucent door.
 16306 | Lair:2   | Noticed a seven-headed hydra
 16324 | Lair:2   | Killed a seven-headed hydra
 16779 | Lair:2   | Reached ***** piety under Hepliaklqana
 16792 | Lair:2   | Noticed demibob's ghost (journeyman MfCK)
 17738 | Lair:3   | Found a hole to the Spider Nest.
 19080 | Lair:4   | Reached skill level 16 in Fighting
 19081 | Lair:4   | Reached XP level 14. HP: 81/104 MP: 0/0
 20040 | Lair:4   | Reached skill level 17 in Fighting
 20551 | Lair:4   | Found a viscous altar of Jiyva.
 20870 | Lair:4   | Found a staircase to the Slime Pits.
 21255 | Lair:5   | Entered Level 5 of the Lair of Beasts
 22035 | Lair:5   | Reached XP level 15. HP: 50/111 MP: 0/0
 22035 | Lair:5   | Learned a level 6 spell: Dispersal
 22306 | Lair:5   | Found a runed translucent door.
 22308 | Lair:5   | Noticed Loveship's ghost (journeyman GrEE)
 23010 | Lair:5   | Reached skill level 5 in Dodging
 23720 | Lair:5   | Found a runed translucent door.
 23748 | Lair:5   | Reached skill level 18 in Fighting
 24977 | Lair:5   | Killed Loveship's ghost
 25355 | Orc:1    | Entered Level 1 of the Orcish Mines
 25369 | Orc:1    | Noticed Snorg
 25372 | Orc:1    | Noticed Maurice
 25394 | Orc:1    | Killed Snorg
 25692 | Orc:1    | Found a dark tunnel.
 25725 | Volcano  | Entered a volcano
 26687 | Orc:1    | Killed Maurice
 27053 | Orc:1    | You are sucked into a shaft and drop 1 floor!
 27053 | Orc:2    | Entered Level 2 of the Orcish Mines
 27157 | Orc:2    | Noticed Jorgrun
 27167 | Orc:2    | Killed Jorgrun
 27168 | Orc:2    | Reached XP level 16. HP: 90/120 MP: 0/0
 27541 | Orc:2    | Found Sostragru's Magic Scroll Boutique.
 27560 | Orc:2    | Bought a scroll of identify for 30 gold pieces
 27560 | Orc:2    | Bought a scroll of teleportation for 45 gold pieces
 27560 | Orc:2    | Bought a scroll of teleportation for 45 gold pieces
 27560 | Orc:2    | Bought a scroll of teleportation for 45 gold pieces
 27560 | Orc:2    | Bought a scroll of teleportation for 45 gold pieces
 27580 | Orc:2    | Noticed Nergalle
 27586 | Orc:2    | Killed Nergalle
 27619 | Orc:2    | Found Ogeiph's Antique Weapon Shop.
 27837 | Orc:2    | Bought a crystal falchion for 304 gold pieces
 27837 | Orc:2    | Identified the +0 falchion "Yssecw" {antimagic, rC+} (You
                  | bought it in a shop on level 2 of the Orcish Mines)
 27844 | Orc:2    | Found Yzxy's Magic Scroll Shop.
 27902 | Orc:2    | Found Hubam's Book Boutique.
 27904 | Orc:2    | Bought a scroll of identify for 28 gold pieces
 27904 | Orc:2    | Bought a scroll of identify for 28 gold pieces
 27904 | Orc:2    | Bought a scroll of identify for 28 gold pieces
 27904 | Orc:2    | Bought a scroll of identify for 28 gold pieces
 27904 | Orc:2    | Bought a scroll of identify for 28 gold pieces
 28106 | Orc:2    | Found a staircase to the Elven Halls.
 28152 | Orc:2    | Noticed Azrael
 28160 | Orc:2    | Noticed Nessos
 28160 | Orc:2    | Killed Azrael
 29522 | Orc:2    | Killed Nessos
 29742 | Orc:2    | Noticed Josephine
 29750 | Orc:2    | Killed Josephine
 31831 | D:12     | Reached skill level 19 in Fighting
 32662 | D:13     | Found Olam's Serpentskin Sales.
 33328 | D:13     | Reached skill level 10 in Dodging
 33436 | D:13     | Identified the +5 rapier "Demonslayer" {speed, Int+4 Dex-2
                  | Stlth+}
 33901 | D:14     | Found a viscous altar of Jiyva.
 33914 | D:14     | Found Kostamyth's Armour Shoppe.
 34564 | D:14     | Found Zuzaym's Antique Weapon Emporium.
 34578 | D:14     | Bought a masterwork great mace for 368 gold pieces
 34578 | D:14     | Identified the +7 great mace "Xocezxe" {freeze, Int+2} (You
                  | bought it in a shop on level 14 of the Dungeon)
 34644 | D:14     | Reached XP level 17. HP: 118/126 MP: 0/0
 34644 | D:14     | Learned a level 7 spell: Monstrous Menagerie
 34687 | D:14     | Found a gate to the Vaults.
 35748 | D:14     | Reached ****** piety under Hepliaklqana
 35780 | D:15     | Entered Level 15 of the Dungeon
 36200 | D:15     | Found Qutaihae's Elemental Accessories.
 36357 | D:15     | Noticed a sphinx
 36361 | D:15     | Killed a sphinx
 37340 | D:15     | Found a staircase to the Depths.
 37562 | Spider:1 | Entered Level 1 of the Spider Nest
 37690 | Lair:3   | Reached skill level 20 in Fighting
 40748 | Spider:2 | Reached XP level 18. HP: 132/134 MP: 0/0
 42182 | Spider:4 | Entered Level 4 of the Spider Nest
 42205 | Spider:4 | Reached skill level 15 in Spellcasting
 42205 | Spider:4 | Reached skill level 15 in Conjurations
 42205 | Spider:4 | Reached skill level 15 in Hexes
 42205 | Spider:4 | Reached skill level 15 in Summonings
 42205 | Spider:4 | Reached skill level 15 in Necromancy
 42205 | Spider:4 | Reached skill level 15 in Translocations
 42205 | Spider:4 | Reached skill level 15 in Transmutations
 42205 | Spider:4 | Reached skill level 15 in Fire Magic
 42205 | Spider:4 | Reached skill level 15 in Ice Magic
 42205 | Spider:4 | Reached skill level 15 in Air Magic
 42205 | Spider:4 | Reached skill level 15 in Earth Magic
 42205 | Spider:4 | Reached skill level 15 in Poison Magic
 43248 | Spider:4 | Got a gossamer rune of Zot
 43805 | Swamp:1  | Entered Level 1 of the Swamp
 43913 | Swamp:1  | Identified the +1 morningstar "Mud Pie of Death" {heavy,
                  | Dex+3}
 44082 | Swamp:1  | Identified the +8 quarterstaff of Wyrd {venom, rF+}
 44196 | Swamp:1  | Reached XP level 19. HP: 125/141 MP: 0/0
 44196 | Swamp:1  | Learned a level 7 spell: Malign Gateway
 44866 | Swamp:1  | Reached skill level 21 in Fighting
 47015 | Swamp:3  | Identified the +0 robe of Mirth {Harm rPois Dex+2}
 47615 | Swamp:4  | Entered Level 4 of the Swamp
 48200 | Swamp:4  | Reached skill level 10 in Shields
 48309 | Swamp:4  | Got a decaying rune of Zot
 49178 | Vaults:1 | Entered Level 1 of the Vaults
 49567 | Vaults:1 | Reached skill level 15 in Dodging
 49862 | Vaults:1 | Noticed Donald
 49869 | Vaults:1 | Killed Donald
 50366 | Vaults:1 | Found Bulaug's Distillery.
 50370 | Vaults:1 | Bought 2 potions of heal wounds for 140 gold pieces
 50370 | Vaults:1 | Bought a potion of heal wounds for 70 gold pieces
 50370 | Vaults:1 | Bought a potion of heal wounds for 70 gold pieces
 50370 | Vaults:1 | Bought a potion of heal wounds for 70 gold pieces
 50659 | Vaults:1 | Reached XP level 20. HP: 139/149 MP: 0/0
 52027 | Vaults:2 | Found Nizxairr's Book Shoppe.
 52043 | Vaults:2 | Found Fohefaw's Magic Scroll Shop.
 52049 | Vaults:2 | Bought a scroll of acquirement for 728 gold pieces
 52055 | Vaults:2 | Acquired the amulet of Futech {Regen+ Int+4}
 52336 | Vaults:2 | Found a staircase to the Crypt.
 52336 | Vaults:2 | Found a basalt altar of Yredelemnul.
 52798 | Vaults:2 | Reached skill level 22 in Fighting
 53526 | Vaults:3 | Noticed Margery
 53537 | Vaults:3 | Killed Margery
 53809 | Vaults:3 | Reached XP level 21. HP: 154/157 MP: 0/0
 53809 | Vaults:3 | Learned a level 8 spell: Summon Horrible Things
 56071 | Vaults:3 | Found Vejyto's Assorted Antiques.
 56460 | Vaults:4 | Noticed Xtahua
 56907 | Vaults:4 | Killed Xtahua
 57213 | Vaults:4 | Found a runed translucent gate.
 57214 | Vaults:4 | Found a runed translucent gate.
 57214 | Vaults:4 | Noticed Zissick's ghost (adept MiBr)
 57215 | Vaults:4 | Found a runed translucent gate.
 57890 | Vaults:4 | Found Mashamup's Magic Scroll Emporium.
 57896 | Vaults:4 | Bought a scroll of teleportation for 42 gold pieces
 57896 | Vaults:4 | Bought a scroll of summoning for 133 gold pieces
 58150 | Vaults:4 | Killed Zissick's ghost
 58151 | Vaults:4 | Reached skill level 23 in Fighting
 58483 | Crypt:1  | Entered Level 1 of the Crypt
 60402 | Crypt:1  | Reached XP level 22. HP: 164/165 MP: 0/0
 60786 | Crypt:1  | Identified the +3 ring mail "Mympefye" {rF+ Str+3}
 61230 | Crypt:2  | HP: 8/165 [??? (5)]
 62123 | Crypt:3  | Entered Level 3 of the Crypt
 63781 | Crypt:3  | Found a staircase to the Tomb.
 64473 | Crypt:3  | Found a basalt altar of Yredelemnul.
 64501 | Crypt:3  | Reached XP level 23. HP: 162/172 MP: 0/0
 64501 | Crypt:3  | Learned a level 8 spell: Discord
 64505 | Crypt:3  | Noticed Jory
 64521 | Crypt:3  | Killed Jory
 64562 | Crypt:3  | Identified the ring "Huqaow" {Wiz Fly Dex+2}
 64612 | Crypt:3  | Reached skill level 24 in Fighting
 64806 | Crypt:3  | Identified the ring "Fuan" {rF+ rN+ Will+ Int+2}
 65550 | Crypt:3  | Identified the ring of the Magpie {Fly rElec rN+ rCorr
                  | MP-9}
 65854 | Crypt:3  | Identified the +9 chain mail "Hoikir" {rF+ rC+ Str+3}
 66476 | Elf:1    | Entered Level 1 of the Elven Halls
 66529 | Elf:1    | Found a crumbling gateway.
 66533 | Desolati | Entered the Desolation of Salt
 66584 | Desolati | Identified the amulet of Ruyh {Reflect Contam rElec Dex+5
                  | SH+5}
 66793 | Desolati | Identified the +0 leather armour "Xonn" {rF++ Will+ Dex-2}
 67181 | Desolati | Identified the +0 swamp dragon scales of the Hippogriff
                  | {Harm rPois Will+++ Int-5 Stlth-}
 67206 | Desolati | Identified the ring "Vuublalu" {rF- rN+ Dex+6 Slay+5}
 67229 | Desolati | Identified the +4 scale mail "Maext" {rF+ Str+3 Int-3 Dex+3
                  | Stlth+}
 67253 | Desolati | Found the +5 Lochaber axe {reach-cleave, Poleaxe Drain}
 67286 | Desolati | Identified the ring "Vuzasacw" {EV+5 Int+5 SInv}
 67291 | Desolati | Identified the staff "Wuole" {rElec rF+ rC+ Will+ Stlth+
                  | Fire}
 68472 | Elf:2    | Found Hen Miprer's Armour Boutique.
 68570 | Elf:2    | Found a runed translucent gate.
 68570 | Elf:2    | Found a runed translucent gate.
 68570 | Elf:2    | Found a runed translucent gate.
 68875 | Elf:2    | Reached XP level 24. HP: 163/180 MP: 0/0
 68890 | Elf:2    | Found a runed translucent gate.
 68891 | Elf:2    | Found a runed translucent gate.
 68891 | Elf:2    | Found a runed translucent gate.
 69713 | Elf:2    | Found a runed translucent gate.
 69713 | Elf:2    | Found a runed translucent gate.
 69717 | Elf:2    | Found a runed translucent gate.
 69734 | Elf:2    | Noticed Puq Cuid's ghost (adept KoAK)
 69776 | Elf:2    | Killed Puq Cuid's ghost
 70024 | Elf:2    | Identified the +1 hat of Oblivion {Harm rN+ Str+3 Dex+2}
 70905 | Elf:3    | Entered Level 3 of the Elven Halls
 71587 | Elf:3    | Reached skill level 25 in Fighting
 72448 | Elf:3    | Identified the +12 quarterstaff of Erokky {venom, rPois
                  | Int+3}
 72452 | Elf:3    | Identified the amulet of the Heavens {+Inv rPois Regen+
                  | Str+4 Dex+2}
 72934 | Elf:3    | Identified the ring "Uhulyip" {Contam Str+4 Dex+6}
 72948 | Elf:3    | Identified the amulet of Emey {Regen+ Str+3}
 72948 | Elf:3    | Identified the +11 short sword "Killer Klown's Regret"
                  | {drain, rC+}
 73025 | Elf:3    | Identified the +6 trident of Ferocious True Grit {flame,
                  | rF- rN+++ rCorr SInv}
 73110 | Elf:3    | Identified the ring of Incredulity {Str+3 SInv}
 73254 | Elf:3    | Identified the +4 shortbow of Exat {flame, MP+9 Str+7
                  | Stlth+}
 73254 | Elf:3    | Identified the ring of Soweluz {Wiz rElec Str+3 Dex-4
                  | Slay+6}
 73482 | Elf:3    | Identified the staff "Gydic" {Fly rF- rN+ Will+ Necro}
 73840 | Depths:1 | Entered Level 1 of the Depths
 74900 | D:15     | Found Qutaihae's Elemental Accessories.
 75252 | D:15     | Slain by a white very ugly thing

Illustrated notes

Levels and vault maps discovered:
D:1:      tarquinn_simple_flora_water_f, layout_loops_ring,
          hellmonk_ecumenical_altar_leap_of_faith, corner_web_ring,
          minmay_misc_feat_doors, chequers_arboretum
D:2:      layout_loops_cross, serial_rivers, chequers_serial_rivers_small_b,
          chequers_serial_rivers_small_a, chequers_serial_rivers_micro_c,
          chequers_serial_rivers_marsh, chequers_serial_rivers_marsh,
          basic_altar
D:3:      layout_rooms, nicolae_vehumet_altar_sigil, serial_shops,
          nicolae_shop_tiny_waterfront, shop, gammafunk_ghost_nasty_kobolds,
          uniq_robin
D:4:      layout_basic, temple_fountains, gammafunk_ghost_arena,
          minmay_misc_feat_chi, hangedman_decor_points, uniq_blork_the_orc,
          uniq_sigmund, uniq_edmund
D:5:      layout_loops_ring, mainiacjoe_overflow_small_starburst,
          fedhas_altar_decomposition, serial_undead, serial_undead_e,
          serial_undead_a, serial_undead_f, serial_undead_d, serial_undead_e
D:6:      layout_loops_cross, uniq_duvessa
D:7:      minmay_chambers_of_fours, layout_loops_ring,
          mainiacjoe_overflow_tiny_flanked, kennysheep_little_box,
          mainiacjoe_overflow_six_doors_small, uniq_pikel
D:8:      layout_basic, lemuel_round_altar, lemuel_round_altar,
          okawaru_metal_pillars_1_2, xom_shifter_show, general_overflow_altar,
          serial_shops, nicolae_shop_competitors_out_of_business
D:9:      layout_loops_ring, yredelemnul_forgotten_temple_becter, uniq_amaemon
D:10:     layout_roguey, erik_lair_island, minmay_statues_item
D:11:     layout_roguey
D:12:     layout_stronghold, uniq_erolcha
D:13:     layout_roguey, guppyfry_shop_venom
D:14:     minmay_recursive_quarters, layout_basic, grunt_vaults_entry_fortified,
          serial_shops, nicolae_shop_advertising_works
          [nicolae_subvault_shop_adworks], shop, hangedman_decor_slide_cut,
          jiyva_altar_1
D:15:     hellmonk_depths_entry_around_the_bend, layout_cave_pods,
          glass_columns_c, amcnicky_mini_corridor_feature,
          nicolae_elemental_shop, nicolae_kikubaaqudgha_miasma_corner
Temple:   chequers_temple_sunken
Lair:1:   layout_loops_ring, beast_lair_carwin_4, infiniplex_staircase_pool_2
Lair:2:   layout_regular_city, swamp_mist, gammafunk_ghost_grave,
          wad_woods_road_05
Lair:3:   layout_cave_pods, spider_nest_entry_web_field
Lair:4:   layout_small_grid, minmay_slime_entry_oklob_enclosed, minmay_holes,
          minivault_25, beast_lair_carwin_8
Lair:5:   wormcave, layout_loops_ring, hangedman_lair_tendril_chambers,
          ebering_ghost_reflecting_pool, grunt_forest_large_clearings
Swamp:1:  layout_falls_marsh, nicolae_swamp_decorative_isthmus,
          nicolae_swamp_bunyip_nook
Swamp:2:  layout_basic_swamp, evilmike_swamp_ruin_house_1
Swamp:3:  layout_falls_marsh, evilmike_swamp_ruin_house_6
Swamp:4:  swamp_icy, layout_basic_swamp, swamp_pool5
Spider:1: layout_chambers, hellmonk_narrow_tunnel,
          hangedman_spider_tarantella_strand
Spider:2: layout_spider_delve
Spider:3: layout_spider_delve
Spider:4: hellmonk_spider_rune_endless_swarm, drop_trap, hellmonk_test_site
Orc:1:    layout_caves, nicolae_volcano_entry_vermiform, uniq_snorg,
          uniq_maurice
Orc:2:    kennysheep_orc_mage_school, layout_caves,
          portal_ice_cave_demonic_guard, uniq_jorgrun, uniq_azrael, uniq_nessos,
          uniq_josephine
Elf:1:    eino_elf_arrival_the_gate, layout_geoelf_grid,
          portal_desolation_entry_nicolae_forbidding_blocks,
          minmay_elf_necromancy
Elf:2:    nicolae_elf_blades_crystal_corner, layout_loops_corners, serial_shops,
          shop_fountains, ploomutoo_gammafunk_ghost_potion_laboratory
Elf:3:    grunt_elf_hall_asides, layout_geoelf_grid
Vaults:1: nicolae_vaults_storage_closets_1, nicolae_vaults_mini_display_case,
          v_misc_22, vaults_room_semicircle,
          vaults_standard_mumra_enter_the_diamond, st_spiral_rooms,
          nicolae_vaults_doubleplus_tesselated, nicolae_vaults_tangram_1,
          ontoclasm_vaults_eye, v_pattern_1, layout_vaults_maze, serial_shops,
          nicolae_shop_back_alley_shop, uniq_donald
Vaults:2: vaults_room_ringed_pool, nicolae_vaults_diagonal_hallway_7,
          vaults_mumra_hex, nicolae_vaults_diamond_2,
          vaults_dpeg_emergency_exit, layout_vaults_omnigrid,
          minmay_crypt_entry_necro_gods, serial_shops, shop_scrolls, shop
Vaults:3: nicolae_vaults_cochlea, vaults_room_semicircle,
          nicolae_vaults_angled_halls, v_misc_17,
          nicolae_vaults_yaktaur_gun_rack, nicolae_vaults_steering_wheel,
          nicolae_vaults_prndl, ontoclasm_vaults_misaligned, v_misc_12,
          v_misc_11, nicolae_vaults_frosty_reception, dpeg_vaults_monster_row,
          nicolae_vaults_tetromino_Z_1, v_misc_23, nicolae_vaults_gold_heap,
          layout_vaults_ring, serial_shops, shop, uniq_margery
Vaults:4: ebering_ghost_rock_garden, grunt_vaults_hallway_short, v_misc_19,
          nicolae_vaults_mitosis, hangedman_vaults_stream,
          nicolae_vaults_closet_pinwheel_5, nicolae_vaults_surprise_closet,
          nicolae_vaults_offset_grid_hallway_4, v_misc_30,
          nicolae_vaults_apartment_1, nicolae_vaults_house_2,
          nicolae_vaults_hallways_thing, nicolae_vaults_sealed_display,
          nicolae_vaults_apartment_1, nicolae_vaults_two_Ls,
          layout_vaults_omnicross, serial_shops, nicolae_shop_hallway_plus,
          uniq_xtahua
Crypt:1:  layout_rooms, grunt_megastairs_5
Crypt:2:  layout_chaotic_city, grunt_megastairs_2
Crypt:3:  church_of_pain_bobbens, layout_chaotic_city,
          tomb_entry_simple_bobbens, minmay_misc_feat_hallway
Depths:1: layout_cave_pools, rand_demon_pan_entry_3, abyss_entry,
          nrook_campfire, pf_coc_iceberg, kennysheep_generic_room_12

Skill      XL: |  1  2  3  4  5  6  7  8  9 10 11 12 13 14 15 16 17 18 19 20 21 22 23 24 |
---------------+-------------------------------------------------------------------------+-----
Spellcasting   | 1 2 3 4 5 6 8 9 10 11 13 14 15 16 17 18 19 | 19.3
Conjurations   | 1 2 3 4 5 6 8 9 10 11 13 14 15 16 17 18 19 | 19.3
Hexes          | 1 2 3 4 5 6 8 9 10 11 13 14 15 16 17 18 19 | 19.3
Summonings     | 1 2 3 4 5 6 8 9 10 11 13 14 15 16 17 18 19 | 19.3
Necromancy     | 1 2 3 4 5 6 8 9 10 11 13 14 15 16 17 18 20 | 20.2
Translocations | 1 2 3 4 5 6 8 9 10 11 13 14 15 16 17 18 19 | 19.3
Transmutations | 1 2 3 4 5 6 8 9 10 11 13 14 15 16 17 18 19 | 19.3
Fire Magic     | 1 2 3 4 5 6 8 9 10 11 13 14 15 16 17 18 19 | 19.3
Ice Magic      | 1 2 3 4 5 6 8 9 10 11 13 14 15 16 17 18 19 | 19.3
Air Magic      | 1 2 3 4 5 6 8 9 10 11 13 14 15 16 17 18 19 | 19.3
Earth Magic    | 1 2 3 4 5 6 8 9 10 11 13 14 15 16 17 18 19 | 19.3
Poison Magic   | 1 2 3 4 5 6 8 9 10 11 13 14 15 16 17 18 19 | 19.3
Fighting       | 4 5 6 8 9 11 12 14 16 17 18 19 20 21 22 23 24 25 | 25.3
Shields        | 2 5 6 8 10 | 10.0
Dodging        | 3 7 10 12 13 15 16 18 19 20 21 | 21.5
Long Blades    | |  1.7
Stealth        | |  4.1

Action                     |  1- 3 |  4- 6 |  7- 9 | 10-12 | 13-15 | 16-18 | 19-21 | 22-24 || total
---------------------------+-------+-------+-------+-------+-------+-------+-------+-------++-------
  Melee: Mace              |    10 |    44 |   294 |    90 |   173 |   248 |   204 |   296 ||  1359
         Punch             |       |       |     1 |     2 |       |       |       |       ||     3
         Staff             |       |       |       |       |       |       |       |   133 ||   133
         Falchion          |       |       |       |       |       |       |       |    30 ||    30
   Cast: Summon Small Mamm |       |     3 |     3 |       |       |       |       |       ||     6
         Hailstorm         |       |       |    14 |   173 |    82 |   129 |   162 |     9 ||   569
         Summon Lightning  |       |       |       |    16 |     2 |     8 |     1 |       ||    27
         Freezing Cloud    |       |       |       |       |   180 |   286 |   223 |    78 ||   767
         Dimensional Bulls |       |       |       |       |     3 |       |       |       ||     3
         Dispersal         |       |       |       |       |     2 |    11 |     7 |    18 ||    38
         Monstrous Menager |       |       |       |       |       |    16 |    73 |   153 ||   242
         Malign Gateway    |       |       |       |       |       |       |     3 |    38 ||    41
         Summon Horrible T |       |       |       |       |       |       |       |     7 ||     7
 Invoke: Ancestor Life: Kn |       |       |     1 |       |       |       |       |       ||     1
         Recall Ancestor   |       |       |       |     2 |     5 |     6 |     4 |     2 ||    19
  Evoke: Wand              |       |       |       |     9 |     4 |       |       |       ||    13
    Use: Potion            |       |     1 |     2 |       |     1 |     1 |     3 |     2 ||    10
         Scroll            |       |       |     1 |    12 |     6 |    10 |     4 |     2 ||    35
   Stab: Sleeping          |       |     1 |    24 |     1 |     1 |       |     1 |     1 ||    29
         Distracted        |       |       |     1 |       |     4 |     4 |     3 |    12 ||    24
         Confused          |       |       |       |       |       |       |       |     1 ||     1
 Armour: Leather armour    |    11 |    67 |   261 |   123 |   214 |    78 |       |       ||   754
         Troll leather arm |       |       |       |       |       |   290 |   267 |   471 ||  1028
  Dodge: Dodged            |     4 |    47 |   253 |    77 |   131 |   293 |   242 |   471 ||  1518
  Block: Buckler           |       |       |       |    39 |    86 |    66 |       |       ||   191
         Kite shield       |       |       |       |       |       |   193 |   237 |   470 ||   900

Table legend: (Time is in decaauts)
 A = Elapsed time spent in this place.
 B = Non-inter-level travel time spent in this place.
 C = Inter-level travel time spent in this place.
 D = Time resting spent in this place.
 E = Time spent auto-exploring this place.
 F = Levels seen in this place.
 G = Mean time per level.
                   A        B        C        D        E       F      G
               +--------+--------+--------+--------+--------+-----+--------+
         Total |  76047 |  72945 |   3102 |  28718 |  31124 |  44 | 1728.3 |
       Dungeon |  23746 |  22233 |   1513 |   6832 |  11810 |  15 | 1583.1 |
        Temple |     36 |      1 |     35 |      0 |      0 |   1 |   36.0 |
          Lair |  11338 |  10932 |    406 |   3842 |   5617 |   5 | 2267.6 |
         Swamp |   5217 |   5054 |    163 |   2455 |   1709 |   4 | 1304.2 |
   Spider Nest |   5923 |   5723 |    200 |   2066 |   2552 |   4 | 1480.8 |
  Orcish Mines |   4192 |   4129 |     63 |   1847 |   1626 |   2 | 2096.0 |
   Elven Halls |   6317 |   6111 |    206 |   2409 |   2409 |   3 | 2105.7 |
        Vaults |   9925 |   9526 |    399 |   4801 |   3383 |   4 | 2481.2 |
         Crypt |   7507 |   7393 |    114 |   3794 |   1719 |   3 | 2502.3 |
        Depths |     44 |     44 |      0 |      0 |      2 |   1 |   44.0 |
       Volcano |    829 |    829 |      0 |    391 |    165 |   1 |  829.0 |
    Desolation |    969 |    969 |      0 |    281 |    132 |   1 |  969.0 |
               +--------+--------+--------+--------+--------+-----+--------+

Top non-repeatable levels by time:
  Lair:5: 4058 daAuts
    D:12: 3408 daAuts
Vaults:3: 3106 daAuts
    D:15: 2925 daAuts
 Crypt:2: 2839 daAuts
Spider:1: 2772 daAuts
   Elf:3: 2750 daAuts
 Crypt:3: 2641 daAuts
   Elf:2: 2451 daAuts
     D:5: 2424 daAuts
Vaults:1: 2399 daAuts
    D:14: 2309 daAuts
   Orc:2: 2295 daAuts
Vaults:2: 2224 daAuts
  Lair:4: 2217 daAuts
